 Dungeon Crawl Stone Soup version 0.25-a0-1002-gbcf8c60d55 (webtiles) character file.

Game seed: 5441533988574519413, levelgen mode: deterministic

1081 Harbin the Skirmisher (level 8, -8/53 HPs)
             Began as a Gargoyle Monk on May 11, 2020.
             Was a Believer of Makhleb.
             Mangled by an orc warrior
             ... wielding a +0 battleaxe
              (24 damage)
             ... on level 6 of the Dungeon.
             The game lasted 00:38:26 (7255 turns).

Harbin the Skirmisher (Gargoyle Monk)               Turns: 7255, Time: 00:38:27

Health: -8/53      AC: 15    Str: 17    XL:     8   Next: 29%
Magic:  9/9        EV: 12    Int: 11    God:    Makhleb [**....]
Gold:   310        SH:  0    Dex: 12    Spells: 7/7 levels left

rFire    . . .     SeeInvis .     - Unarmed
rCold    . . .     Gourm    .   (no shield)
rNeg     + . .     Faith    .   w - +0 acid dragon scales
rPois    ∞         Spirit   .   (no helmet)
rElec    +         Reflect  .   r - +0 cloak
rCorr    +         Harm     .   (no gloves)
MR       .....                  v - +0 pair of boots
Stlth    ++........             u - amulet of magic regeneration
HPRegen  0.17/turn              (no ring)
MPRegen  0.36/turn              (no ring)

@: no status effects
A: negative energy resistance 1, electricity resistance, unbreathing,
petrification resistance, rot immunity, AC +5
a: Minor Destruction, Renounce Religion


You were on level 6 of the Dungeon.
You worshipped Makhleb.
Makhleb was pleased with you.
You were not hungry.

You visited 2 branches of the dungeon, and saw 7 of its levels.

You collected 310 gold pieces.

Inventory:

Missiles
 f - 22 poisoned darts (quivered)
Armour
 k - a +1 chain mail
 r - a +0 cloak (worn)
 v - a +0 pair of boots (worn)
 w - +0 acid dragon scales (worn)
Jewellery
 u - an amulet of magic regeneration (around neck)
Wands
 c - a wand of enslavement (4)
 d - a wand of disintegration (3)
 s - a wand of clouds (7)
 t - a wand of random effects (46)
Scrolls
 a - 3 scrolls of identify
 e - 7 scrolls of remove curse
 h - a scroll of amnesia
 p - a scroll of magic mapping
Potions
 g - 3 potions of lignification
 i - a potion of invisibility {unknown}
 j - 2 potions of heal wounds
 l - 5 potions of curing
 m - a potion of magic
 n - 2 potions of flight {unknown}
 o - 2 potions of haste
 q - a potion of experience {unknown}
 z - a potion of ambrosia {unknown}
Comestibles
 b - 12 rations
 x - 3 chunks of flesh


   Skills:
 * Level 7.2 Fighting
 + Level 4.1 Armour
 - Level 2.5 Dodging
 - Level 2.3 Stealth
 * Level 6.5 Unarmed Combat
 + Level 1.7 Invocations


You had 7 spell levels left.
You didn't know any spells.
Your spell library was empty.

Dungeon Overview and Level Annotations

Branches:
Dungeon (6/15)             Temple (1/1) D:5

Altars:
Ashenzari
Cheibriados
Dithmenos
Elyvilon
Fedhas
Gozag
Hepliaklqana
Kikubaaqudgha
Makhleb
Nemelex Xobeh
Okawaru
Qazlal
Ru
Sif Muna
Trog
Uskayaw
Vehumet
Wu Jian
Xom
Yredelemnul
Zin
The Shining One


Innate Abilities, Weirdness & Mutations

You are resistant to torment.
Your stone body is resilient. (AC +5)
You are immune to poison.
You resist negative energy. (rN+)
You are resistant to electric shocks. (rElec)
You can survive without breathing.
You are immune to petrification.
You are immune to rotting.


Message History

You hit the orc warrior. You punch the orc warrior.
The orc warrior is moderately wounded.
The orc warrior closely misses you.
You hit the orc warrior but do no damage.
The orc warrior is moderately wounded.
The orc warrior hits you but does no damage.
You hit the orc warrior but do no damage.
The orc warrior is moderately wounded.
You barely miss the orc warrior.
The orc warrior is moderately wounded.
The orc warrior hits you with a +0 battleaxe!!
* * * LOW HITPOINT WARNING * * *
You closely miss the orc warrior.
The orc warrior is moderately wounded.
The orc warrior misses you.
You feel better.
You closely miss the orc warrior.
The orc warrior is moderately wounded.
The orc warrior hits you with a +0 battleaxe!!
You die...

#####.......# #.#
#.# ##..
.####....#..###.##
#.###...
.................#
#.......
.####.#.##..###..#
#####...
###.....##.......#
##..
...........#####.#
##. ###.##.#####
#.# ####. #.##.#
#.# #.... #.##.#
#@# #.### ...#.#
#o# #.# ......
#{o...... #.#
##..#.. #########
#.# #..#.. #.#
..(# #.### #....
#####


You could see an orc warrior and an orc.

Vanquished Creatures
  Maggie (D:6)
  2 crimson imps (D:5)
  3 jellies
  A quasit (D:2)
  4 orc wizards
  2 orc priests (D:3)
  A centaur skeleton (D:5)
  Crazy Yiuf (D:5)
  Jessica (D:2)
  2 worker ants
  2 hound skeletons
  10 gnolls
  11 adders
  3 worms
  3 dart slugs
  2 leopard geckos
  8 orcs
  3 giant cockroaches
  6 goblins
  7 hobgoblins
  10 jackals
  2 quokkas
  3 ball pythons
  A ball python skeleton (D:4)
  10 bats
  4 frilled lizards
  7 kobolds
  7 rats
117 creatures vanquished.

Notes
Turn   | Place    | Note
-------+----------+-------------------------------------------
     0 | D:1      | Harbin the Gargoyle Monk began the quest for the Orb.
     0 | D:1      | Reached XP level 1. HP: 14/14 MP: 1/1
   418 | D:1      | Reached XP level 2. HP: 19/19 MP: 2/2
   976 | D:1      | Reached XP level 3. HP: 24/24 MP: 3/3
  1503 | D:2      | Reached skill level 1 in Armour
  1540 | D:2      | Reached skill level 4 in Fighting
  1587 | D:2      | Reached XP level 4. HP: 26/29 MP: 4/4
  1835 | D:2      | Reached XP level 5. HP: 27/34 MP: 5/5
  2013 | D:2      | Noticed Jessica
  2038 | D:2      | Killed Jessica
  2812 | D:3      | Reached skill level 5 in Fighting
  3283 | D:3      | Reached XP level 6. HP: 24/40 MP: 6/6
  3936 | D:4      | Reached skill level 5 in Unarmed Combat
  4319 | D:4      | Reached XP level 7. HP: 27/45 MP: 7/7
  4574 | D:4      | Found a glowing golden altar of the Shining One.
  4860 | D:5      | Entered Level 5 of the Dungeon
  5010 | D:5      | Reached skill level 6 in Fighting
  5449 | D:5      | Found an iron altar of Okawaru.
  5913 | D:5      | Found a runed translucent door.
  5914 | D:5      | Noticed Crazy Yiuf
  5927 | D:5      | Killed Crazy Yiuf
  5967 | D:5      | Found a staircase to the Ecumenical Temple.
  5980 | Temple   | Entered the Ecumenical Temple
  6028 | Temple   | Became a worshipper of Makhleb the Destroyer
  6028 | Temple   | Reached * piety under Makhleb
  6028 | Temple   | Reached ** piety under Makhleb
  6853 | D:6      | Noticed Maggie
  6866 | D:6      | Paralysed by Maggie for 4 turns
  6883 | D:6      | Paralysed by Maggie for 7 turns
  6909 | D:6      | Killed Maggie
  6909 | D:6      | Reached skill level 7 in Fighting
  6909 | D:6      | Reached skill level 1 in Invocations
  6909 | D:6      | Reached XP level 8. HP: 43/53 MP: 7/9
  7255 | D:6      | Mangled by an orc warrior

Illustrated notes

Levels and vault maps discovered:
D:1:      dpeg_arrival_court, layout_basic, st_stairs_8
D:2:      layout_loops_cross, first_ration, uniq_jessica
D:3:      layout_loops_cross, chequers_serial_rivers_large_a,
          grunt_ministairs_10
D:4:      layout_cave_pools, tso_metal_star
D:5:      layout_layer_cave, minmay_temple_entry_gardened_gates,
          minmay_liquid_box, kennysheep_okawaru_gauntlet,
          uniq_crazy_yiuf_cottage
D:6:      cheibrodos_fzero, layout_loops_ring, uniq_duvessa, uniq_menkaure,
          uniq_maggie
Temple:   nicolae_temple_the_god_donut

Skill      XL: |  1  2  3  4  5  6  7 |
---------------+----------------------+-----
Armour         | 1 2 4 |  4.1
Fighting       | 4 5 7 |  7.2
Unarmed Combat | 4 5 6 |  6.5
Invocations    | 1 |  1.7
Dodging        | |  2.5
Stealth        | |  2.3

Action                   |  1- 3 |  4- 6 |  7- 9 || total
-------------------------+-------+-------+-------++-------
Melee: Unarmed           |   175 |   375 |   222 ||   772
       Punch             |     3 |    11 |     5 ||    19
Throw: Dart              |       |       |    14 ||    14
  Use: Scroll            |       |    12 |     3 ||    15
       Potion            |       |     1 |     3 ||     4
  Eat: Chunk             |     2 |     9 |     3 ||    14
       Ration            |       |       |     2 ||     2
Armor: Robe              |    12 |       |       ||    12
       Scale mail        |    12 |       |       ||    12
       Chain mail        |    84 |   217 |    92 ||   393
       Skin              |       |    39 |     1 ||    40
       Acid dragon scale |       |       |     9 ||     9
Dodge: Dodged            |    81 |   113 |    81 ||   275

Table legend:
 A = Non-vault XP
 B = Vault XP
 C = Vault XP percentage of total XP
 D = Non-vault monster count
 E = Vault monster count
 F = Vault count percentage of total count
                 A         B        C        D         E       F
            +---------+---------+-------+---------+---------+-------
      Total |    1066 |     479 |  31.0 |     109 |       8 |   6.8
            +---------+---------+-------+---------+---------+-------
        D:1 |      40 |       2 |   4.8 |      22 |       1 |   4.3
        D:2 |     147 |      37 |  20.1 |      28 |       1 |   3.4
        D:3 |     218 |       3 |   1.4 |      23 |       2 |   8.0
        D:4 |     229 |       0 |   0.0 |      17 |       0 |   0.0
        D:5 |     300 |      42 |  12.3 |      13 |       3 |  18.8
        D:6 |     132 |     395 |  75.0 |       6 |       1 |  14.3
            +---------+---------+-------+---------+---------+-------
